 Dungeon Crawl Stone Soup version 0.29-a0-541-gaf1fc19f1b (webtiles) character file.

Game seed: 15742776702017439606

126 bande the Shield-Bearer (level 5, -1/33 HPs)
             Began as a Gargoyle Fighter on June 2, 2022.
             Slain by an orc
             ... wielding a +0 flail
              (4 damage)
             ... on level 3 of the Dungeon.
             The game lasted 00:03:43 (2748 turns).

bande the Shield-Bearer (Gargoyle Fighter)          Turns: 2748, Time: 00:03:43

Health: -1/33      AC: 11    Str: 19    XL:     5   Next: 9%
Magic:  5/5        EV:  9    Int:  9    God:
Gold:   81         SH:  0    Dex: 11    Spells: 4/4 levels left

rFire   . . .      SeeInvis .   a - +1 war axe (chaos)
rCold   . . .      Faith    .   c - +0 buckler
rNeg    + . .      Spirit   .   b - +0 scale mail
rPois   ∞          Reflect  .   (no helmet)
rElec   +          Harm     .   (no cloak)
rCorr   .          Rampage  .   (no gloves)
Will    .....                   (no boots)
Stlth   ..........              (no amulet)
HPRegen 0.11/turn               (no ring)
MPRegen 0.09/turn               (no ring)

@: confused
A: sickness immunity, AC +4, negative energy resistance 1, electricity
resistance, torment resistance 1, petrification resistance
a: no special abilities


You were on level 3 of the Dungeon.
You visited 1 branch of the dungeon, and saw 3 of its levels.

You collected 81 gold pieces.

Inventory:

Hand Weapons
 a - a +1 war axe of chaos (weapon)
Armour
 b - a +0 scale mail (worn)
 c - a +0 buckler (worn)
Scrolls
 g - a scroll of fog
Potions
 d - 2 potions of might
 e - 2 potions of brilliance {unknown}
 f - a potion of heal wounds
 i - 4 potions of flight
 j - a potion of resistance {unknown}
 l - a potion of curing {unknown}
 n - a potion of ambrosia {unknown}


   Skills:
 + Level 3.8 Fighting
 + Level 3.2 Axes
 + Level 4.0 Armour
 + Level 0.5 Stealth
 + Level 4.0 Shields


You had 4 spell levels left.
You didn't know any spells.
Your spell library contained the following spells:

 Spells                   Type           Power      Damage    Failure   Level
 Beastly Appendage        Tmut           0%         N/A       83%         1
 Poisonous Vapours        Pois/Air       0%         N/A       93%         2
 Wereblood                Tmut           0%         N/A       93%         2
 Spider Form              Tmut/Pois      0%         N/A       99%         3
 Corpse Rot               Necr/Pois/Air  0%         N/A       100%        4
 Summon Forest            Summ/Tloc      0%         N/A       100%        5
 Eringya's Noxious Bog    Tmut/Pois      0%         N/A       100%        6
 Summon Hydra             Summ           0%         N/A       100%        7


Dungeon Overview and Level Annotations

Branches:
Dungeon (3/15)

Altars:

Shops:
D:3 *

Annotations:
D:3 2 transporters, SuperHamster's ghost, amateur OpCj


Innate Abilities, Weirdness & Mutations

You are immune to sickness and miasma.
Your stone body is resilient. (AC +4)
You are immune to poison.
You resist negative energy. (rN+)
You are resistant to electric shocks. (rElec)
You are resistant to unholy torment.
You are immune to petrification.


Message History

You are too confused!
You are too confused!
Unknown command.
Found 21 stones.
The goblin hits you but does no damage. The orc hits you but does no damage.
You see here a +0 dagger.
The orc wizard attacks as you move away!
The orc wizard hits you but does no damage.
The orc wizard points at you and mumbles some strange words.
The magic dart hits you!
Unknown command.
The orc attacks as you move away! The orc hits you but does no damage.
The goblin hits you but does no damage. The goblin hits you with a +0 club.
The orc wizard barely misses you. The goblin hits you but does no damage.
You barely miss the orc wizard.
The orc wizard is severely wounded.
You barely miss the goblin. You barely miss the orc.
The orc wizard barely misses you. The orc barely misses you.
The goblin barely misses you.
The orc wizard gestures at you while chanting.
You are more confused.
The goblin hits you with a +0 club. The orc barely misses you.
You hit the orc wizard.
You kill the orc wizard!
You miss the goblin. You miss the orc. The orc completely misses you.
The goblin closely misses you.
Your Armour skill increases to level 4!
You have reached level 5!
The orc hits you with a +0 flail! The goblin closely misses you.
Items here: )) [ †.
Unknown command.
The orc hits you with a +0 flail!
* * * LOW HITPOINT WARNING * * *
The goblin hits you but does no damage. The orc attacks as you move away!
The orc hits you with a +0 flail.
* * * LOW HITPOINT WARNING * * *
The goblin barely misses you. The orc hits you with a +0 flail.
You die...

## #.....
#.....#######
#...........#
#...........#
#........$..#
#...........#
............##...#
#.(....@.g..##...#
..####.†o)..##...#
#..)...##...#
#......##...#
####......##...#
...............†#
#####......#....#
...............##
.....©.©........####


You could see an orc and a goblin.

Vanquished Creatures
  An orc wizard (D:3)
  4 adders
  3 worms (D:2)
  3 dart slugs (D:2)
  An orc (D:3)
  4 bats
  4 endoplasms
  3 giant cockroaches
  5 goblins
  6 hobgoblins
  7 kobolds
  A quokka (D:1)
  5 ball pythons
  2 frilled lizards
  3 rats
52 creatures vanquished.

Notes
Turn   | Place    | Note
-------+----------+-------------------------------------------
     0 | D:1      | bande the Gargoyle Fighter began the quest for the Orb.
     0 | D:1      | Reached XP level 1. HP: 14/14 MP: 1/1
   186 | D:1      | Reached XP level 2. HP: 13/19 MP: 2/2
  1429 | D:2      | Reached XP level 3. HP: 23/23 MP: 3/3
  1739 | D:2      | Reached XP level 4. HP: 29/29 MP: 4/4
  2375 | D:2      | Found a faded altar of an unknown god.
  2710 | D:3      | Found Moveasie's General Store.
  2715 | D:3      | Noticed an ogre
  2715 | D:3      | Noticed SuperHamster's ghost (amateur OpCj)
  2717 | D:3      | Noticed an ogre
  2721 | D:3      | Noticed an ogre
  2723 | D:3      | Found a transporter.
  2727 | D:3      | Found a transporter.
  2745 | D:3      | Reached XP level 5. HP: 18/33 MP: 5/5
  2748 | D:3      | Slain by an orc

Illustrated notes

Levels and vault maps discovered:
D:1:      dpeg_arrival_rooms_with_view, layout_basic, lemuel_old_faithful
D:2:      layout_rooms, shapermc_ecumenical_altar_mp_highgroup, chequers_jeans,
          grunt_ministairs_6
D:3:      layout_basic, serial_shops, shop, gammafunk_ghost_smash, uniq_jessica

Skill      XL: |  1  2  3  4 |
---------------+-------------+-----
Axes           | 2 3 |  3.2
Shields        | 4 |  4.0
Armour         | 4 |  4.0
Fighting       | |  3.8
Stealth        | |  0.5

Action                   |  1- 3 |  4- 6 || total
-------------------------+-------+-------++-------
Melee: War axe           |    99 |    51 ||   150
  Use: Scroll            |     5 |     4 ||     9
Armor: Scale mail        |    64 |    27 ||    91
Dodge: Dodged            |    55 |    23 ||    78
Block: Buckler           |    17 |    15 ||    32

Table legend: (Time is in decaauts)
 A = Elapsed time spent in this place.
 B = Non-inter-level travel time spent in this place.
 C = Inter-level travel time spent in this place.
 D = Time resting spent in this place.
 E = Time spent auto-exploring this place.
 F = Levels seen in this place.
 G = Mean time per level.
                   A        B        C        D        E       F      G
               +--------+--------+--------+--------+--------+-----+--------+
         Total |   2811 |   2744 |     67 |    920 |   1417 |   3 |  937.0 |
       Dungeon |   2811 |   2744 |     67 |    920 |   1417 |   3 |  937.0 |
               +--------+--------+--------+--------+--------+-----+--------+

Top non-repeatable levels by time:
     D:1: 1446 daAuts
     D:2: 1281 daAuts
     D:3: 83 daAuts
